AoeStats
← [AirBo]一大包

Nomad

506390775Analyzed
4v4 RM · 17d ago on Sep 13, 2026· 33m 31s· 8 players
Game mode
Random Map
Map size
231×231
Population
200
Speed
Normal
Resources
Standard
Victory
Conquest
Starting age
Dark Age
Ending age
Imperial Age
RankedLock teamsTeams togetherTeam positionsShared explorationLock speedFull tech treeHidden civsTurbo modeCheats
Victory
Defeat
🇦🇷 Goths · Argentina
1675
+14
🇭🇰 Vikings · Hong Kong SAR China
1648
+15
🇹🇼 Spanish · Taiwan
1556
+19
🇹🇼 Wu · Taiwan
1546
+19
🇳🇱 Teutons · Netherlands
1659
-18
🇦🇷 Tatars · Argentina
1631
-17
🇨🇳 Shu · China
1604
-16
🇺🇸 Italians · United States
1594
-16
deev
12:01 Feudal Age
12:32 Double-Bit Axe
16:36 Loom
19:34 Castle Age
17:22 Fishing Lines
19:38 Demolition Ship
20:38 Bow Saw
21:47 Medium Warships
23:02 Clinker Construction
23:03 Careening
23:59 Fletching
26:39 Town Watch
27:30 Wheelbarrow
30:15 Imperial Age
28:47 Padded Archer Armor
28:52 Horse Collar
32:29 Chemistry
G5
4:17 Loom
13:16 Feudal Age
14:45 Town Watch
17:24 Castle Age
16:15 Double-Bit Axe
16:20 Fishing Lines
17:41 Scale Barding Armor
18:51 Bow Saw
20:52 Horse Collar
24:00 Fletching
25:22 Ballistics
26:49 Demolition Ship
28:24 Wheelbarrow
iThink
8:47 Loom
13:33 Feudal Age
18:17 Castle Age
16:15 Gold Mining
17:15 Scale Barding Armor
17:08 Double-Bit Axe
19:10 Scale Barding Armor
21:36 Bow Saw
31:59 Fletching
心如止水
4:39 Loom
13:50 Feudal Age
17:33 Castle Age
15:32 Double-Bit Axe
16:54 Gold Mining
18:36 Medium Warships
18:33 Fishing Lines
19:41 Bow Saw
19:35 Fletching
20:15 Bodkin Arrow
25:14 Ballistics
26:00 Horse Collar
28:23 Wheelbarrow
28:46 Crossbowman
34:32 Imperial Age
32:13 Padded Archer Armor
[AirBo]一大包
13:42 Feudal Age
17:18 Castle Age
18:17 Medium Warships
18:48 Double-Bit Axe
20:16 Forging
22:32 Iron Casting
23:48 Loom
24:27 Bow Saw
30:58 Horse Collar
34:41 Imperial Age
32:48 Fletching
甜心包
11:01 Loom
13:35 Feudal Age
17:10 Castle Age
15:44 Double-Bit Axe
18:51 Bow Saw
32:39 Imperial Age
30:46 Wheelbarrow
30:51 Padded Archer Armor
33:26 Leather Archer Armor
33:23 Bloodlines
33:25 Elite Conquistador
[AirBo]實心包
8:17 Loom
13:37 Feudal Age
18:29 Castle Age
20:01 Double-Bit Axe
24:14 Horse Collar
27:59 Scale Mail Armor
36:20 Imperial Age
[AirBo]空氣包
4:12 Loom
13:32 Feudal Age
17:12 Castle Age
16:26 Double-Bit Axe
16:57 Scale Mail Armor
18:39 Bow Saw
18:42 Forging
18:56 Town Watch
32:10 Wheelbarrow
31:24 Horse Collar
32:26 Anarchy
32:42 Squires
Connection lost

Rejoining the realm…

Still unreachable

The connection could not be restored.

Session expired

The server has moved on; the page needs a fresh start.